 Dungeon Crawl Stone Soup version 0.27-a0-1308-gc08437e49b (webtiles) character file.

Game seed: 16519595097680638286

5 mordus the Skirmisher (level 1, 0/19 HPs)
             Began as a Draconian Monk on June 18, 2021.
             Slain by a hobgoblin (1 damage)
             ... on level 1 of the Dungeon.
             The game lasted 00:00:13 (37 turns).

mordus the Skirmisher (Draconian Monk)                Turns: 37, Time: 00:00:14

Health: 0/19       AC:  4    Str: 13    XL:     1   Next: 66%
Magic:  1/1        EV: 12    Int: 10    God:
Gold:   0          SH:  0    Dex: 13    Spells: 0/0 levels left

rFire    . . .     SeeInvis .   a - +0 hand axe
rCold    . . .     Faith    .   (no shield)
rNeg     . . .     Spirit   .   (armour unavailable)
rPois    .         Reflect  .   (helmet restricted)
rElec    .         Harm     .   (no cloak)
rCorr    .         Rampage  .   (no gloves)
Will     .....                  (no boots)
Stlth    ++........             (no amulet)
HPRegen  0.06/turn              (no ring)
MPRegen  0.07/turn              (no ring)

@: slowed, very slow
A: AC +4, unfitting armour, cold-blooded
a: no special abilities


You were on level 1 of the Dungeon.
You visited 1 branch of the dungeon, and saw 1 of its levels.

Inventory:

Hand Weapons
 a - a +0 hand axe (weapon)


   Skills:
 - Level 3.2 Fighting
 * Level 3.2 Axes
 + Level 2.8 Dodging
 - Level 1.7 Stealth


You couldn't memorise any spells.
You didn't know any spells.
Your spell library was empty.

Dungeon Overview and Level Annotations

Branches:
Dungeon (1/15)

Altars:


Innate Abilities, Weirdness & Mutations

Your plain brown scales are hard. (AC +4)
You cannot fit into any form of body armour.
You are cold-blooded and may be slowed by cold attacks.


Message History

You are too injured to fight recklessly!
You are too injured to fight recklessly!
You closely miss the jackal.
The jackal is almost dead.
You hit the endoplasm. You barely miss the hobgoblin.
The jackal completely misses you. The hobgoblin hits you.
* * * LOW HITPOINT WARNING * * *
The jackal barely misses you. The endoplasm misses you.
The hobgoblin hits you but does no damage.
The jackal misses you.
You hit the jackal.
You kill the jackal!
You barely miss the endoplasm. You barely miss the hobgoblin.
The endoplasm barely misses you. The hobgoblin barely misses you.
The endoplasm misses you. The hobgoblin hits you.
* * * LOW HITPOINT WARNING * * *
The endoplasm barely misses you.
You hit the endoplasm.
The endoplasm is lightly wounded.
You hit the endoplasm.
You kill the endoplasm!
You hit the hobgoblin but do no damage.
You feel yourself speed up. The hobgoblin closely misses you.
The endoplasm hits you but does no damage.
The hobgoblin barely misses you. The endoplasm barely misses you.
You hit the endoplasm but do no damage.
The endoplasm is lightly wounded.
You barely miss the hobgoblin. The hobgoblin closely misses you.
The endoplasm freezes you.
You are frozen.
* * * LOW HITPOINT WARNING * * *
You feel yourself slow down.
You hit the endoplasm. You tail-slap the endoplasm.
You kill the endoplasm!
You closely miss the hobgoblin. The hobgoblin barely misses you. x2
You hit the hobgoblin.
The hobgoblin is severely wounded.
The hobgoblin hits you.
You die...

#.# #.#
#.# #.# #
..#.#
##.#.#
#..g.#
#.@†.#
##.#).#
+#'.##....
##.###
.####
+#'.# #
##.###
+#'.#
##.###
+#'.#


You could see a hobgoblin.

Vanquished Creatures
  2 endoplasms (D:1)
  A goblin (D:1)
  A jackal (D:1)
4 creatures vanquished.

Notes
Turn   | Place    | Note
-------+----------+-------------------------------------------
     0 | D:1      | mordus the Draconian Monk began the quest for the Orb.
     0 | D:1      | Reached XP level 1. HP: 19/19 MP: 1/1
    37 | D:1      | Slain by a hobgoblin

Illustrated notes

Levels and vault maps discovered:
D:1:      erik_arrival_triangle_huge, layout_loops_ring, basic_ecumenical_altar,
          minmay_pentomino_q4

Action                   || total
-------------------------++-------
Melee: Hand axe          ||    14
       Tailslap          ||     2
Armor: Skin              ||     6
Dodge: Dodged            ||    24

Table legend: (Time is in decaauts)
 A = Elapsed time spent in this place.
 B = Non-inter-level travel time spent in this place.
 C = Inter-level travel time spent in this place.
 D = Time resting spent in this place.
 E = Time spent auto-exploring this place.
 F = Levels seen in this place.
 G = Mean time per level.
                   A        B        C        D        E       F      G
               +--------+--------+--------+--------+--------+-----+--------+
         Total |     41 |     41 |      0 |      0 |     22 |   1 |   41.0 |
       Dungeon |     41 |     41 |      0 |      0 |     22 |   1 |   41.0 |
               +--------+--------+--------+--------+--------+-----+--------+

Top non-repeatable levels by time:
     D:1: 41 daAuts
